 Dungeon Crawl Stone Soup version 0.29.1-15-g9cfb28693d (webtiles) character file.

Game seed: 16163800559162334646

169 Heoruswealwe the Magician (level 5, -1/28 HPs)
             Began as a Deep Elf Earth Elementalist on Apr 14, 2023.
             Killed by nerve-wracking pain
             ... invoked by an orc priest
              (5 damage)
             ... on level 3 of the Dungeon.
             The game lasted 00:16:58 (2031 turns).

Heoruswealwe the Magician (DEEE)                    Turns: 2031, Time: 00:16:58

Health: -1/28      AC:  2    Str:  2 (3)  XL:     5   Next: 25%
Magic:  15/15      EV: 12    Int: 22      God:
Gold:   39         SH:  0    Dex: 15      Spells: 5/15 levels left

rFire   . . .      SeeInvis .   (no weapon)
rCold   . . .      Faith    .   (no shield)
rNeg    . . .      Spirit   .   a - +0 robe
rPois   .          Reflect  .   (no helmet)
rElec   .          Harm     .   (no cloak)
rCorr   +          Rampage  .   (no gloves)
Will    .....                   (no boots)
Stlth   ++........              m - amulet of magic regeneration
HPRegen 0.00/turn               o - ring of resist corrosion
MPRegen 0.54/turn               (no ring)

@: inhibited regen
A: deterioration 1, inhibited regeneration, weak 1
a: no special abilities


You were on level 3 of the Dungeon.
You visited 1 branch of the dungeon, and saw 3 of its levels.

You collected 108 gold pieces.
You spent 69 gold pieces at shops.

Inventory:

Armour
 a - a +0 robe (worn)
Jewellery
 m - an amulet of magic regeneration (around neck)
 o - a ring of resist corrosion (left hand)
Scrolls
 e - 2 scrolls of teleportation
 f - a scroll of amnesia
 j - a scroll of blinking
 l - 2 scrolls of fear {unknown}
 n - a scroll of magic mapping {unknown}
Potions
 b - a potion of magic
 c - a potion of cancellation {unknown}
 d - a potion of curing {unknown}
 g - a potion of degeneration {unknown}
 h - a potion of haste {unknown}
 i - a potion of brilliance {unknown}
 k - a potion of heal wounds {unknown}
 p - a potion of attraction {unknown}


   Skills:
 - Level 2.4 Dodging
 - Level 2.4 Stealth
 + Level 5.6 Spellcasting
 - Level 1.1 Transmutations
 + Level 5.2 Earth Magic


You had 5 spell levels left.
You knew the following spells:

 Your Spells              Type           Power      Damage    Failure   Level
a - Sandblast             Erth           58%        2d13      1%          1
b - Stone Arrow           Conj/Erth      34%        3d9       10%         3
c - Petrify               Tmut/Erth      20%        N/A       26%         4
z - Passwall              Tmut/Erth      16%        N/A       4%          2

Your spell library contained the following spells:

 Spells                   Type           Power      Damage    Failure   Level
 Wereblood                Tmut           11%        N/A       9%          2
 Sublimation of Blood     Necr           6%         N/A       14%         2
 Gell's Gravitas          Tloc           6%         N/A       28%         3
 Lesser Beckoning         Tloc           6%         N/A       28%         3
 Teleport Other           Tloc           6%         N/A       28%         3
 Summon Hydra             Summ           3%         N/A       100%        7


Dungeon Overview and Level Annotations

Branches:
Dungeon (3/15)

Altars:
Ashenzari
Dithmenos
Fedhas
Nemelex Xobeh
Qazlal
Jiyva

Shops:
D:2 *


Innate Abilities, Weirdness & Mutations

Your body sometimes deteriorates upon taking damage.
You do not regenerate when monsters are visible.
You are weak. (Str -2)


Message History

A dart slug comes into view.
A goblin comes into view. It is wielding a +0 dagger.
The blast of sand hits the dart slug!!
You kill the dart slug!
You can't see any susceptible monsters within range! (Use Z to cast anyway.)
The blast of sand hits the goblin!!
You kill the goblin!
A hobgoblin comes into view.
An orc comes into view. It is wielding a +0 hand axe.
You see here a +0 dagger.
An orc comes into view. It is wielding a +0 dagger.
The hobgoblin shouts!
The orc shouts!
You hear a shout!
The blast of sand hits the hobgoblin.
You kill the hobgoblin!
The orc shouts!
An orc priest comes into view. It is wielding a +0 whip.
The blast of sand hits the orc!!
You kill the orc!
The orc priest shouts!
The orc priest mumbles some strange prayers to Beogh against you.
Beogh smites you!
The orc throws a boomerang.
The boomerang closely misses you.
The blast of sand hits the orc!
You kill the orc!
A kobold comes into view. It is wielding a +0 dagger.
Found a stone staircase leading up.
The kobold shouts!
The orc priest calls down the wrath of Beogh upon you.
Beogh smites you!
Ouch! That really hurt!
* * * LOW HITPOINT WARNING * * *
Casting: Sandblast (safe; 1% risk of failure)
Confirm with . or Enter, or press ? or * to list all spells.
Aiming: Sandblast (safe; 1% risk of failure)
Press: ? - help, Shift-Dir - straight line, f - orc priest
Aim: an orc priest, wielding a +0 whip and wearing a +0 leather armour (83% to hit)
The blast of sand hits the orc priest!
The orc priest is heavily wounded.
The orc priest calls down the wrath of Beogh upon you.
Pain shoots through your body!
You die...

#.##.##.########.
#. # #.........#
## ##.#....####.#
#.......# .#
#..#.##.# #
#......)#
#.#####.#
#<#####.#
#......@#
#######.# #)# #)#
o.# K## . #.


You could see an orc priest and a kobold.

Vanquished Creatures
  A jelly (D:3)
  4 gnolls (D:3)
  2 adders
  2 worms (D:2)
  4 dart slugs
  5 orcs (D:3)
  7 ball pythons
  5 endoplasms
  2 giant cockroaches
  8 goblins
  5 hobgoblins
  A quokka (D:1)
  4 bats
  A frilled lizard (D:1)
  8 kobolds
  9 rats
68 creatures vanquished.

Notes
Turn   | Place    | Note
-------+----------+-------------------------------------------
     0 | D:1      | Heoruswealwe the Deep Elf Earth Elementalist began the
                  | quest for the Orb.
     0 | D:1      | Reached XP level 1. HP: 10/10 MP: 6/6
   189 | D:1      | Reached XP level 2. HP: 14/15 MP: 3/8
   192 | D:1      | Learned a level 2 spell: Passwall
   884 | D:2      | Found Mesoenoe's Assorted Antiques.
  1012 | D:2      | Reached XP level 3. HP: 19/19 MP: 6/10
  1016 | D:2      | Learned a level 3 spell: Stone Arrow
  1132 | D:2      | Bought a scroll labelled GAFIVVEI WISS for 23 gold pieces
  1132 | D:2      | Bought a scroll labelled OQUIFED IDDY for 23 gold pieces
  1202 | D:2      | Found a faded altar of an unknown god.
  1222 | D:2      | Prayed at the altar of an unknown god.
  1222 | D:2      | Became a worshipper of Jiyva Jorphoes the Shapeless
  1222 | D:2      | Reached * piety under Jiyva
  1231 | D:2      | Fell from the grace of Jiyva
  1425 | D:2      | Gained mutation: Your body sometimes deteriorates upon
                  | taking damage. [the all-consuming vengeance of Jiyva]
  1425 | D:2      | Gained mutation: You do not regenerate when monsters are
                  | visible. [the all-consuming vengeance of Jiyva]
  1425 | D:2      | Gained mutation: You are weak. (Str -2) [the all-consuming
                  | vengeance of Jiyva]
  1695 | D:2      | Bought a scroll labelled QOXUDO XIAT for 23 gold pieces
  1721 | D:3      | Found a blossoming altar of Fedhas.
  1722 | D:3      | Found a sparkling altar of Nemelex Xobeh.
  1723 | D:3      | Found a broken altar of Ashenzari.
  1723 | D:3      | Found a stormy altar of Qazlal.
  1724 | D:3      | Found a shadowy altar of Dithmenos.
  1769 | D:3      | Reached XP level 4. HP: 24/24 MP: 7/12
  1775 | D:3      | Reached skill level 5 in Spellcasting
  1781 | D:3      | Learned a level 4 spell: Petrify
  1806 | D:3      | Reached skill level 5 in Earth Magic
  1806 | D:3      | Reached XP level 5. HP: 21/28 MP: 3/14
  2031 | D:3      | Killed from afar by an orc priest

Illustrated notes

Levels and vault maps discovered:
D:1:      erik_arrival_orb_chamber, layout_basic
D:2:      minmay_evil_eye, layout_basic, basic_ecumenical_altar, serial_shops,
          shop_statue
D:3:      layout_loops_cross, grunt_temple_overflow_open,
          minmay_close_crescents, uniq_crazy_yiuf_cottage

Skill      XL: |  1  2  3  4 |
---------------+-------------+-----
Spellcasting   | 4 5 |  5.6
Earth Magic    | 4 5 |  5.2
Dodging        | |  2.4
Stealth        | |  2.4
Transmutations | |  1.1

Action                   |  1- 3 |  4- 6 || total
-------------------------+-------+-------++-------
Melee: Unarmed           |     1 |     1 ||     2
 Cast: Sandblast         |    64 |    33 ||    97
       Passwall          |     1 |       ||     1
Invok: Renounce Religion |     1 |       ||     1
  Use: Scroll            |     4 |       ||     4
Armor: Robe              |     1 |     4 ||     5
Dodge: Dodged            |    13 |    13 ||    26
